 Dungeon Crawl Stone Soup version 0.21.1-1-g345015f (webtiles) character file.

25 grindst0ne the Skirmisher (level 2, 25/25 HPs)
             Began as a Demonspawn Chaos Knight on Mar 4, 2018.
             Got out of the dungeon alive.
             The game lasted 00:01:08 (467 turns).

grindst0ne the Skirmisher (Demonspawn Chaos Knight)  Turns: 467, Time: 00:01:08

Health: 25/25      AC:  5    Str: 12    XL:     2   Next: 86%
Magic:  2/2        EV: 11    Int: 13    God:    Xom [..*...]
Gold:   55         SH:  0    Dex: 12    Spells: 1/1 levels left

rFire    . . .     SeeInvis .   a - +0 hand axe (chaos)
rCold    . . .     Gourm    .   (no shield)
rNeg     . . .     Faith    .   b - +2 leather armour
rPois    .         Spirit   .   (no helmet)
rElec    .         Reflect  .   (no cloak)
rCorr    .         Harm     .   (no gloves)
MR       .....                  (no boots)
Stlth    ++........             (no amulet)
HPRegen  0.08/turn              (no ring)
MPRegen  0.08/turn              (no ring)

@: no status effects
A: nightstalker 1
a: Renounce Religion


You escaped.
You worshipped Xom.
You were a toy of Xom.
You were not hungry.

You visited 1 branch of the dungeon, and saw 1 of its levels.

You collected 55 gold pieces.

Inventory:

Hand Weapons
 a - a +0 hand axe of chaos (weapon)
Armour
 b - a +2 leather armour (worn)
 f - a +0 ring mail
Scrolls
 e - a scroll of identify {unknown}
 h - a scroll of remove curse {unknown}
Potions
 g - a potion of curing {unknown}
 i - a potion of heal wounds {unknown}
Comestibles
 c - 3 rations


   Skills:
 + Level 4.1 Fighting
 - Level 2.6 Axes
 - Level 1.7 Armour
 - Level 0.8 Dodging


You had one spell level left.
You didn't know any spells.

Dungeon Overview and Level Annotations

Branches:
Dungeon (1/15)

Altars:


Innate Abilities, Weirdness & Mutations

You are slightly more attuned to the shadows.


Message History

You hit the plant but do no damage. x2
Your leather armour prevents you from hitting something.
You hit the plant but do no damage. x2
You hit the plant but do no damage. Lightning courses through the plant!
The plant is moderately damaged.
You hit the plant but do no damage. x2; The plant is poisoned.
You hit the plant. You hit the plant but do no damage. x2
All of the chunks of flesh in your inventory have rotted away.
You hit the plant.
The plant is lightly damaged.
You completely miss the plant. You hit the plant but do no damage. x3
You hit the plant.
The plant looks more healthy.
You slash the plant!
The plant flickers and vanishes!
You hit the plant but do no damage. x4; The plant emits a flash of light!
You hit the plant but do no damage.
There is a staircase leading out of the dungeon here.
Are you sure you want to leave the Dungeon?
This will make you lose the game!
Alright, then stay!
Are you sure you want to leave the Dungeon?
This will make you lose the game!
You have escaped! ....(...PP.PP.PP.PP.PP.PP..#.### ).##...#PP.P.PP.P.PP.P.PP..#.# #.###PP.P.P.PPP.P.P.PP.##.# #.# P.P.PP.P.PP.P.PP....# #.# #PP.PP.PP.PP.PP.PP##### #.# #PPP.PP.PPP.PP.PPP..##

#.###PPP.PPP...PPP.PPP...##
#.##.PPPP..PPPPP..{PPP....#
.###.##.PPPPPP..@..PPPPPP....#
........{{PPPPPPP{PPPPPPP....#
####.##...#############.....#####
#.##..## #....##...# #.##..#
#.#.##.###. #.....########
#.#...## ## #####........#
#.###.# # ########.#######.# #.##
## #.........# ##.###.


There were no monsters in sight!

Vanquished Creatures
  2 dart slugs (D:1)
  2 leopard geckos (D:1)
  3 bats (D:1)
  5 hobgoblins (D:1)
  2 kobolds (D:1)
  2 frilled lizards (D:1)
  2 rats (D:1)
18 creatures vanquished.

Notes
Turn   | Place    | Note
-------+----------+-------------------------------------------
     0 | D:1      | grindst0ne the Demonspawn Chaos Knight began the quest for the Orb.
     0 | D:1      | Reached XP level 1. HP: 18/18 MP: 1/1
    98 | D:1      | Gained mutation: You are slightly more attuned to the shadows. [demonic ancestry]
    98 | D:1      | Reached XP level 2. HP: 14/24 MP: 2/2
   218 | D:1      | Reached skill level 4 in Fighting
   351 | D:1      | XOM: silly message
   467 | D:$      | Got out of the dungeon alive.

Skill      XL: |  1  2 |
---------------+-------+-----
Fighting       | 4 |  4.1
Axes           | |  2.6
Armour         | |  1.7
Dodging        | |  0.8

Action                   || total
-------------------------++-------
Melee: Hand axe          ||    63
 Stab: Sleeping          ||     1
Armor: Leather armour    ||    17
Dodge: Dodged            ||    17
